 Dungeon Crawl Stone Soup version 0.26-a0-835-g8259106e14 (webtiles) character file.

Game seed: 3609287790857514518

2668 snetch the Cleaver (level 9, -48/78 HPs)
             Began as a Minotaur Berserker on Nov 17, 2020.
             Was an Elder of Trog.
             Annihilated by a boulder beetle (59 damage)
             ... on level 8 of the Dungeon.
             The game lasted 00:23:54 (6445 turns).

snetch the Cleaver (Minotaur Berserker)             Turns: 6445, Time: 00:23:55

Health: -48/78     AC:  6    Str: 30    XL:     9   Next: 37%
Magic:  8/8        EV: 10    Int:  7    God:    Trog [****..]
Gold:   471        SH: 15    Dex: 11    Spells: 8/8 levels left

rFire    . . .     SeeInvis .   a - +5 flail (freeze)
rCold    . . .     Faith    .   A - +0 kite shield
rNeg     . . .     Spirit   .   v - +1 leather armour of the Hare {+Inv Int+3}
rPois    +         Reflect  +   (helmet restricted)
rElec    .         Harm     .   (no cloak)
rCorr    .         Rampage  .   (no gloves)
MR       ++...                  T - +0 pair of boots
Stlth    +.........             s - amulet of reflection
HPRegen  1.23/turn              j - ring of poison resistance
MPRegen  0.11/turn              y - +6 ring of strength

@: berserk cooldown, regenerating
A: retaliatory headbutt, horns 2
a: Berserk, Trog's Hand, Brothers in Arms, Renounce Religion, Evoke Invisibility


You were on level 8 of the Dungeon.
You worshipped Trog.
Trog was greatly pleased with you.
You visited 2 branches of the dungeon, and saw 10 of its levels.

You collected 471 gold pieces.

Inventory:

Hand Weapons
 a - a +5 flail of freezing (weapon)
 b - a +2 trident of venom
 c - a +0 war axe
 Y - a cursed +3 halberd
Missiles
 g - 2 boomerangs
 k - 35 poisoned darts (quivered)
 n - 111 bolts
 r - 100 arrows
 u - 8 javelins
 E - 28 sling bullets
 J - 267 stones
 M - 2 throwing nets
Armour
 d - a +0 plate armour
 v - the +1 leather armour of the Hare (worn) {+Inv Int+3}
   (You found it on level 4 of the Dungeon)

   It affects your intelligence (+3).
   It lets you turn invisible.
 A - a +0 kite shield (worn)
 T - a +0 pair of boots (worn)
Jewellery
 j - a ring of poison resistance (left hand)
 s - an amulet of reflection (around neck)
 w - an uncursed ring of flight
 y - a +6 ring of strength (right hand)
Wands
 x - a wand of flame (8)
 Z - a wand of digging (7)
Scrolls
 i - a scroll of blinking
 l - 5 scrolls of remove curse {unknown}
 m - 5 scrolls of enchant weapon {unknown}
 o - 3 scrolls of enchant armour {unknown}
 q - 3 scrolls of teleportation {unknown}
 D - 2 scrolls of fog
Potions
 e - 2 potions of might {unknown}
 f - 5 potions of attraction {unknown}
 h - 5 potions of curing {unknown}
 p - 2 potions of resistance
 C - a potion of haste
 F - a potion of heal wounds
 P - a potion of lignification
 Q - 2 potions of flight {unknown}
 R - a potion of mutation


   Skills:
 + Level 6.4 Fighting
 + Level 10.1(10.7) Axes
 + Level 3.0(7.2) Maces & Flails
 + Level 4.7(8.0) Polearms
 + Level 8.0 Armour
 + Level 3.3 Dodging
 + Level 0.3 Stealth
 + Level 3.3 Shields


You had 8 spell levels left.
You didn't know any spells.
Your spell library contained the following spells:

 Spells                   Type           Power        Failure   Level
 Magic Dart               Conj           #...         93%         1
 Blink                    Tloc           N/A          98%         2
 Call Imp                 Summ           #.......     98%         2
 Slow                     Hex            #.......     98%         2
 Conjure Flame            Conj/Fire      #.......     100%        3
 Mephitic Cloud           Conj/Pois/Air  #.......     100%        3
 Malign Gateway           Summ/Tloc      #.........   100%        7
 Monstrous Menagerie      Summ           #.........   100%        7
 Summon Greater Demon     Summ           #.........   100%        7
 Summon Horrible Things   Summ           #.........   100%        8


Dungeon Overview and Level Annotations

Branches:
Dungeon (9/15)             Temple (1/1) D:6
   Lair: D:8-11         Orc: D:9-12

Altars:
Ashenzari
Cheibriados
Dithmenos
Elyvilon
Gozag
Hepliaklqana
Kikubaaqudgha
Makhleb
Nemelex Xobeh
Okawaru
Qazlal
Ru
Sif Muna
Trog
Uskayaw
Vehumet
Wu Jian
Xom
Yredelemnul
Zin
The Shining One

Annotations:
D:9 Joseph


Innate Abilities, Weirdness & Mutations

You reflexively headbutt those who attack you in melee.
You have a pair of horns on your head.


Message History

You closely miss the orc wizard. Your headbutt misses the orc wizard.
You feel yourself speed up.
The boulder beetle curls into a ball and begins rolling!
You block the orc wizard's attack.
Unknown command.
Your skin crawls.
You feel resistant to hostile enchantments.
The orc wizard points at you and mumbles some strange words.
The magic dart hits you but does no damage.
Your +2 trident of venom stops dripping with poison.
Your +5 flail of freezing glows with a cold blue light!
a - a +5 flail of freezing (weapon)
The orc wizard gestures wildly while chanting.
The orc wizard seems to speed up.
The orc wizard barely misses you. You block the orc wizard's attack.
You block the orc wizard's attack.
A scorpion comes into view.
The boulder beetle hits you!!!
Ouch! That really hurt!
You die...

#..###.†#
#°).....#
#°......# ##
#........# ..
#°.......# .
#.°###..##'##
#..#######..#
#...°.○B....+
#....o.o@...#
######
#..##+####..#
#####..... #..
##..## ..........
#.. #.....
.......... #..
#...##...######))
#.. #...# . ##..
#.. #...# #...
#.<.+ #... ##..#
##..


You could see a boulder beetle, an orc warrior (very poisoned) and an orc wizard
(fast).

Vanquished Creatures
  An orc warrior (D:7)
  An ice beast (D:8)
  5 ogres
  2 centaurs
  7 bullfrogs
  2 gnoll sergeants
  9 wights
  2 howler monkeys
  A quasit (D:8)
  A bullfrog skeleton (D:6)
  A gnoll shaman (D:4)
  2 hounds
  3 iguanas
  3 orc priests
  3 orc wizards
  A jelly (D:6)
  4 worker ants
  A hound skeleton (D:7)
  A worker ant zombie (D:6)
  9 gnolls
  11 adders
  4 white imps
  4 ufetubi
  An ooze (D:4)
  2 worms
  2 dart slugs
  4 leopard geckos
  11 orcs
  A ball python (D:1)
  10 bats
  4 giant cockroaches
  6 goblins
  9 hobgoblins
  8 jackals
  3 quokkas
  3 frilled lizards
  10 kobolds
  A leopard gecko skeleton (D:7)
  A quokka skeleton (D:6)
  13 rats
167 creatures vanquished.

Notes
Turn   | Place    | Note
-------+----------+-------------------------------------------
     0 | D:1      | snetch the Minotaur Berserker began the quest for the Orb.
     0 | D:1      | Reached XP level 1. HP: 19/19 MP: 0/0
   172 | D:1      | Reached XP level 2. HP: 24/27 MP: 1/1
   271 | D:1      | Reached skill level 4 in Axes
   474 | D:1      | Reached ** piety under Trog
   508 | D:2      | Reached XP level 3. HP: 29/34 MP: 2/2
  1137 | D:3      | Reached XP level 4. HP: 30/41 MP: 3/3
  1235 | D:3      | Reached skill level 5 in Axes
  1874 | D:2      | Reached skill level 5 in Fighting
  1874 | D:2      | Reached XP level 5. HP: 48/48 MP: 4/4
  1874 | D:2      | Found an ancient bone altar of Kikubaaqudgha.
  2181 | D:3      | Reached skill level 1 in Polearms
  2653 | D:3      | Found a glowing golden altar of the Shining One.
  2768 | D:4      | Noticed an ogre
  2774 | D:4      | Killed an ogre
  2775 | D:4      | Reached XP level 6. HP: 39/56 MP: 5/5
  2803 | D:4      | Reached skill level 6 in Axes
  3043 | D:5      | Entered Level 5 of the Dungeon
  3084 | D:4      | Found a basalt altar of Yredelemnul.
  3131 | D:4      | Got a jewelled leather armour
  3492 | D:6      | Reached *** piety under Trog
  3503 | D:6      | Reached XP level 7. HP: 61/61 MP: 6/6
  3949 | D:5      | Reached skill level 5 in Armour
  4207 | D:6      | Reached skill level 7 in Axes
  4207 | D:6      | Found a staircase to the Ecumenical Temple.
  4212 | D:6      | Reached skill level 1 in Shields
  4271 | Temple   | Entered the Ecumenical Temple
  4690 | D:6      | Reached XP level 8. HP: 67/70 MP: 7/7
  4758 | D:7      | Reached skill level 8 in Axes
  5008 | D:7      | Reached **** piety under Trog
  5229 | D:6      | Reached skill level 9 in Axes
  5332 | D:6      | Reached XP level 9. HP: 77/77 MP: 8/8
  5691 | D:6      | Identified the +1 leather armour of the Hare {+Inv Int+3}
                  | (You found it on level 4 of the Dungeon)
  6007 | D:7      | Reached skill level 10 in Axes
  6009 | D:7      | Reached skill level 1 in Maces & Flails
  6026 | D:7      | Found a shadowy altar of Dithmenos.
  6390 | D:9      | Noticed a boulder beetle
  6392 | D:9      | Noticed Joseph
  6433 | D:8      | HP: 2/78 [orc warrior/+0 hand axe (15)]
  6445 | D:8      | Annihilated by a boulder beetle

Illustrated notes

Levels and vault maps discovered:
D:1:      mrwooster_arrival_statue_2, layout_basic
D:2:      layout_basic, kiku_gazebo_pond_becter
D:3:      layout_rooms, nicolae_overflow_crystal_walls
D:4:      layout_gridville, yredelemnul_altar_generic, minmay_cut_off
D:5:      layout_rooms, st_stairs_5, chequers_serial_rivers_micro_c, hex_large,
          grunt_decor_resistance
D:6:      layout_loops_cross, minmay_temple_entry_mini_moons
D:7:      layout_rooms, grunt_ministairs_1, grunt_dithmenos_smoke_and_mirrors
D:8:      layout_gridville
D:9:      layout_cross, fedhas_altar_decomposition, serial_shops,
          nicolae_shop_stone, uniq_erolcha, uniq_maggie, uniq_joseph
Temple:   dpeg_five_rooms_temple

Skill      XL: |  1  2  3  4  5  6  7  8  9 |
---------------+----------------------------+-----
Fighting       | 4 5 6 |  6.4
Axes           | 4 5 6 7 9 10 | 10.1
Armour         | 3 4 6 7 8 |  8.0
Polearms       | 2 3 4 |  4.7
Shields        | 1 2 3 |  3.3
Dodging        | 3 |  3.3
Maces & Flails | 3 |  3.0
Stealth        | |  0.3

Action                   |  1- 3 |  4- 6 |  7- 9 || total
-------------------------+-------+-------+-------++-------
Melee: Hand axe          |    84 |       |       ||    84
       Headbutt          |    10 |    12 |    37 ||    59
       Trident           |       |    64 |    16 ||    80
       War axe           |       |    48 |   102 ||   150
       Flail             |       |       |    39 ||    39
Invok: Berserk           |       |     2 |     5 ||     7
       Trog's Hand       |       |       |     2 ||     2
  Use: Scroll            |       |       |    12 ||    12
Armor: Animal skin       |     8 |       |       ||     8
       Plate armour      |    54 |    90 |    93 ||   237
       Leather armour    |       |       |    12 ||    12
Dodge: Dodged            |    33 |    58 |    71 ||   162
Block: Other             |       |     3 |    32 ||    35
       Reflection        |       |       |     4 ||     4
       Kite shield       |       |       |    39 ||    39

Table legend: (Time is in decaauts)
 A = Elapsed time spent in this place.
 B = Non-inter-level travel time spent in this place.
 C = Inter-level travel time spent in this place.
 D = Time resting spent in this place.
 E = Time spent auto-exploring this place.
 F = Levels seen in this place.
 G = Mean time per level.
                   A        B        C        D        E       F      G
               +--------+--------+--------+--------+--------+-----+--------+
         Total |   6555 |   6074 |    481 |    244 |   3637 |  10 |  655.5 |
       Dungeon |   6266 |   5833 |    433 |    244 |   3398 |   9 |  696.2 |
        Temple |    288 |    240 |     48 |      0 |    239 |   1 |  288.0 |
               +--------+--------+--------+--------+--------+-----+--------+

Top non-repeatable levels by time:
     D:2: 1191 daAuts
     D:6: 1064 daAuts
     D:3: 902 daAuts
     D:5: 811 daAuts
     D:1: 759 daAuts
     D:7: 757 daAuts
     D:4: 582 daAuts
  Temple: 288 daAuts
     D:8: 182 daAuts
     D:9: 15 daAuts
